 Dungeon Crawl Stone Soup version 0.24-a0-335-g06ca16a (webtiles) character file.

Game seed: 16708449569246305436

137165 Borgoz the Fencer (level 17, -8/110 HPs)
             Began as a Gargoyle Gladiator on May 18, 2019.
             Was a High Priest of Ashenzari.
             Mangled by a shambling mangrove (11 damage)
             ... on level 2 of the Swamp on May 19, 2019.
             The game lasted 01:22:08 (23053 turns).

Borgoz the Fencer (Gargoyle Gladiator)             Turns: 23053, Time: 01:22:09

Health: -8/110     AC: 46    Str: 20    XL:     17   Next: 23%
Magic:  17/17      EV: 19    Int: 10    God:    Ashenzari [*****.]
Gold:   1083       SH: 13    Dex: 21    Spells: 16/16 levels left

rFire    + + +     SeeInvis +   a - +4 scimitar (flame) (curse)
rCold    + + .     Gourm    .   M - +2 shield of Resistance {rF+ rC+ MR+} (curse)
rNeg     + . .     Faith    .   h - +6 scale mail {rF+} (curse)
rPois    ∞         Spirit   .   C - +2 helmet
rElec    +         Reflect  .   Q - scarf {rC+ rF+} (curse)
rCorr    .         Harm     .   t - +2 pair of gloves
MR       ++...     Clarity  +   F - +2 pair of boots {run} (curse)
Stlth    ..........             g - amulet of regeneration
HPRegen  0.68/turn              v - +6 ring of protection
MPRegen  0.15/turn              k - +6 ring of dexterity

@: grasped by roots, flying, constricted, quick
A: big wings, negative energy resistance 1, electricity resistance, unbreathing,
petrification resistance, rot immunity, AC +12
a: Stop Flying, Curse Item, Scrying, Transfer Knowledge, Renounce Religion


You were on level 2 of the Swamp.
You worshipped Ashenzari.
Ashenzari was extremely pleased with you.
You were hungry.

You visited 5 branches of the dungeon, and saw 24 of its levels.
You also visited: Ice Cave and Volcano.

You collected 2850 gold pieces.
You spent 1767 gold pieces at shops.

Inventory:

Hand Weapons
 a - a cursed +4 scimitar of flaming (weapon)
 c - a +1 double sword of holy wrath
 y - a +1 great sword of protection
 P - a +2 great sword of flaming
Missiles
 R - a throwing net (quivered)
Armour
 h - a cursed +6 scale mail of fire resistance (worn)
 t - a +2 pair of gloves (worn)
 C - a +2 helmet (worn)
 F - a cursed +2 pair of boots of running (worn)
 M - the cursed +2 shield of Resistance (worn) {rF+ rC+ MR+}
   (You found it on level 9 of the Dungeon)

   It protects you from fire.
   It protects you from cold.
   It affects your resistance to hostile enchantments.
   It has a curse placed upon it.
 Q - a cursed scarf of resistance (worn)
Jewellery
 e - an uncursed ring of protection from fire
 g - an amulet of regeneration (around neck)
 k - a +6 ring of dexterity (right hand)
 m - a ring of the Octopus King {rF+ AC+1 EV+1 Str+1 Int+1 Dex+1}
   (You found it in an ice cave)

   [ring of protection from fire]

   It affects your AC (+1).
   It affects your evasion (+1).
   It affects your strength (+1).
   It affects your intelligence (+1).
   It affects your dexterity (+1).
   It protects you from fire.
 s - a +4 ring of intelligence
 v - a +6 ring of protection (left hand)
 W - an uncursed ring of protection from cold
Wands
 d - a wand of iceblast (9)
 o - a wand of flame (22)
 u - a wand of acid (17)
 z - a wand of disintegration (22)
 D - a wand of digging (14)
 G - a wand of clouds (4)
 U - a wand of scattershot (6)
Scrolls
 j - a scroll of blinking
 l - 4 scrolls of magic mapping
 p - 4 scrolls of fear
 r - a scroll of identify
 w - a scroll of enchant armour
 H - 15 scrolls of teleportation
 L - 4 scrolls of remove curse
Potions
 b - a potion of might
 i - 5 potions of haste
 n - a potion of invisibility
 q - 3 potions of heal wounds
 x - 2 potions of ambrosia
 B - 4 potions of cancellation
 I - 11 potions of curing
 J - 2 potions of resistance
 O - 3 potions of agility
 V - 5 potions of berserk rage
Comestibles
 f - 53 rations


   Skills:
 + Level 13.9 Fighting
 * Level 17.1(20.4) Long Blades
 - Level 1.7 Throwing
 + Level 13.7(16.0) Armour
 * Level 14.5(16.8) Dodging
 + Level 3.6(6.0) Shields


You had 16 spell levels left.
You didn't know any spells.
Your spell library contained the following spells:

 Spells                   Type           Power        Failure   Level  Hunger
 Beastly Appendage        Tmut           #.....       94%         1    ##.....
 Magic Dart               Conj           #...         94%         1    ##.....
 Summon Small Mammal      Summ           #...         94%         1    ##.....
 Blink                    Tloc           N/A          98%         2    ###....
 Call Imp                 Summ           #.......     98%         2    ###....
 Corpse Rot               Necr           N/A          98%         2    ###....
 Slow                     Hex            #.......     98%         2    ###....
 Sticks to Snakes         Tmut           #.......     98%         2    ###....
 Call Canine Familiar     Summ           #.......     100%        3    ####...
 Conjure Flame            Conj/Fire      #.......     100%        3    ####...
 Mephitic Cloud           Conj/Pois/Air  #.......     100%        3    ####...
 Spider Form              Tmut/Pois      #.........   100%        3    ####...
 Stone Arrow              Conj/Erth      #.....       100%        3    ####...
 Summon Guardian Golem    Hex/Summ       #.......     100%        3    ####...
 Ice Form                 Ice/Tmut       #.......     100%        4    #####..
 Leda's Liquefaction      Hex/Erth       #.........   100%        4    #####..
 Summon Ice Beast         Ice/Summ       #.......     100%        4    #####..
 Summon Lightning Spire   Summ/Air       #.......     100%        4    #####..
 Blade Hands              Tmut           #.........   100%        5    ######.
 Metabolic Englaciation   Hex/Ice        #.........   100%        5    ######.
 Summon Forest            Summ/Tloc      #.........   100%        5    ######.
 Bolt of Cold             Conj/Ice       #.........   100%        6    #######
 Freezing Cloud           Conj/Ice/Air   #.........   100%        6    #######
 Hydra Form               Tmut           #.........   100%        6    #######
 Ozocubu's Refrigeration  Ice            #.........   100%        6    #######
 Simulacrum               Ice/Necr       #.........   100%        6    #######
 Summon Hydra             Summ           #.........   100%        7    #######


Dungeon Overview and Level Annotations

Branches:
Dungeon (13/15)            Temple (1/1) D:4            Lair (6/6) D:11
  Swamp (2/4) Lair:4        Snake (0/4) Lair:3        Slime (0/5) Lair:6
    Orc (2/2) D:9             Elf (0/3) Orc:2        Vaults (0/5) D:13

Altars:
Ashenzari
Cheibriados
Dithmenos
Elyvilon
Fedhas
Gozag
Hepliaklqana
Kikubaaqudgha
Makhleb
Nemelex Xobeh
Okawaru
Qazlal
Ru
Sif Muna
Trog
Uskayaw
Vehumet
Wu Jian
Xom
Yredelemnul
Zin
The Shining One
Beogh

Shops:
D:7 !   D:12 (   Orc:2 (%*(

Annotations:
D:9 1 runed translucent door


Innate Abilities, Weirdness & Mutations

You are resistant to torment.
Your stone body is resilient. (AC +12)
You are immune to poison.
Your large and strong wings let you fly indefinitely.
You resist negative energy. (rN+)
You are resistant to electric shocks. (rElec)
You can survive without breathing.
You are immune to petrification.
You are immune to rotting.


Message History

You slash the shambling mangrove! You burn the shambling mangrove.
The shambling mangrove is lightly damaged.
Roots burst forth from the earth!
The grasping roots grab you! The grasping roots constrict you.
You hit the shambling mangrove but do no damage.
The shambling mangrove is lightly damaged.
You block the slime creature's attack.
You hit the shambling mangrove. You burn the shambling mangrove.
The shambling mangrove is moderately damaged.
You block the slime creature's attack. The shambling mangrove hits you!!
* * * LOW HITPOINT WARNING * * *
x2 The grasping roots constrict you!!
You slice the slime creature!! You burn the slime creature.
The slime creature is severely wounded.
You block the slime creature's attack.
You slice the slime creature!! You burn the slime creature!
You kill the slime creature!
The shambling mangrove hits you but does no damage.
You die...

, ,,≈ ,≈ * ,, , ≈≈ ,≈ ≈
** ≈, ..≈.(♣ * ≈.♣ *≈ ≈
,, * ≈ ≈≈♣.≈...♣..♣≈.♣**
,, , , * ...≈≈...≈.≈≈≈≈♣
≈ ,, ≈≈ *
*,≈≈,..≈≈≈.≈≈.♣≈≈≈.♣♣.≈≈
*, , * .≈≈.≈≈≈.≈..≈≈♣..
** ≈≈ .≈≈.≈...≈♣.≈...**
≈ , * ≈ **≈ ♣≈≈.♣f≈≈≈.♣
* , ,* * >
,,,**♣..@≈≈≈≈♣* ≈ * *≈ *
♣♣≈♣≈.^§♣ ≈, ≈ ,, ≈≈
♣≈≈≈≈≈≈♣ *,≈ ,≈ ,, *
♣....≈.♣ * ≈≈ ≈≈, ≈
♣♣.♣.≈[♣♣ * ≈≈ ,,
♣♣≈♣†...♣ ♣≈ ,≈ ≈≈,*
♣.♣♣≈≈≈.♣♣ .≈≈♣ , ≈≈
♣♣.....≈.♣♣ .≈♣. *
♣♣.≈..≈..♣♣ ....


You could see a shambling mangrove.

Vanquished Creatures
  2 thorn hunters
  Kirke (Lair:4)
  Donald (Orc:1)
  An orc warlord (Orc:1)
  A frost giant (IceCv)
  Nessos (Lair:6)
  A dire elephant (Lair:6)
  2 ettins
  4 fire dragons
  The ghost of Loge the Destroyer, a journeyman DEFE of Vehumet (Lair:2)
  17 hydras
  A ghost crab (Swamp:1)
  3 ice dragons
  Fannar (Lair:2)
  Erica (D:8)
  3 shambling mangroves (Swamp:2)
  12 death yaks
  6 two-headed ogres
  3 alligators (Swamp:1)
  A hell hog (Volcano)
  2 tengu warriors (D:13)
  Urug (Lair:2)
  Nergalle (Lair:3)
  Sonja (D:10)
  An unseen horror (D:13)
  A necromancer (D:13)
  4 lindwurms
  A harpy (shapeshifter) (D:13)
  3 orc knights
  Pikel (D:5)
  5 ugly things
  A manticore (D:13)
  A cyclops (D:12)
  An oklob plant (Lair:5)
  Joseph (D:8)
  8 elephants
  2 molten gargoyles (Volcano)
  An ice statue (IceCv)
  11 spiny frogs
  5 torpor snails (Lair:6)
  A gargoyle (D:13)
  6 black mambas
  A centaur skeleton (D:12)
  7 rime drakes
  6 komodo dragons
  A queen bee (Lair:2)
  20 polar bears
  Grinder (D:5)
  20 hornets
  3 meliai (D:12)
  8 tyrant leeches
  5 trolls
  9 slime creatures
  21 blink frogs
  7 dream sheep (Lair:6)
  7 hippogriffs
  Sigmund (D:4)
  4 spriggans
  2 wyverns
  56 yaks
  Eustachio (D:5)
  2 basilisks (Lair:6)
  10 fire bats (Volcano)
  Grum (D:8)
  6 vampire mosquitoes (Swamp:1)
  6 insubstantial wisps (Swamp:1)
  7 swamp worms
  3 wargs (Orc:2)
  6 nagas (Lair:3)
  A hell hound (Volcano)
  13 water moccasins
  36 orc warriors
  2 swamp drakes (Swamp:2)
  2 sky beasts
  8 porcupines
  7 ice beasts
  A hornet zombie (D:13)
  2 phantoms
  An eye of draining (shapeshifter) (D:13)
  13 ogres
  52 wolves
  11 centaurs
  9 crocodiles
  4 big kobolds
  14 bullfrogs
  3 scorpions
  21 killer bees
  12 wights
  An electric eel (D:12)
  3 howler monkeys
  2 centaur zombies
  5 crimson imps
  5 lava snakes (Volcano)
  A bullfrog zombie (D:6)
  12 hounds
  17 orc priests
  37 orc wizards
  2 bullfrog skeletons
  A quasit (D:10)
  Crazy Yiuf (D:3)
  2 jellies
  Jessica (D:2)
  Ijyb (D:3)
  2 iguanas
  10 worker ants
  A bullfrog simulacrum (D:12)
  2 hound zombies
  Robin (D:3)
  A worker ant zombie (D:8)
  14 gnolls
  A howler monkey skeleton (D:5)
  19 adders
  A shadow imp (D:7)
  3 white imps (D:12)
  An ufetubus (D:12)
  An ooze (D:1)
  3 adder zombies
  An adder skeleton (D:4)
  2 dart slugs
  5 leopard geckos
  99 orcs
  4 giant cockroaches
  18 goblins
  15 hobgoblins
  10 jackals
  25 kobolds
  7 quokkas
  A ball python (D:1)
  4 bats
  2 frilled lizards
  A giant cockroach zombie (D:5)
  A jackal skeleton (D:8)
  A leopard gecko skeleton (D:8)
  3 quokka skeletons
  7 rats
  2 briar patches (Swamp:2)
914 creatures vanquished.

Vanquished Creatures (others)
  A swamp dragon (Swamp:1)
  4 humans (Lair:4)
  2 fungi
  11 plants (Lair:6)
18 creatures vanquished.

Grand Total: 932 creatures vanquished

Notes
Turn   | Place    | Note
-------+----------+-------------------------------------------
     0 | D:1      | Borgoz the Gargoyle Gladiator began the quest for the Orb.
     0 | D:1      | Reached XP level 1. HP: 12/12 MP: 1/1
    85 | D:1      | You fall through a shaft!
   110 | D:2      | Reached XP level 2. HP: 12/17 MP: 2/2
   218 | D:2      | Reached skill level 3 in Long Blades
   386 | D:1      | Reached XP level 3. HP: 19/22 MP: 3/3
   390 | D:1      | Reached skill level 1 in Armour
  1041 | D:2      | Noticed Jessica
  1044 | D:2      | Reached XP level 4. HP: 24/27 MP: 4/4
  1049 | D:2      | Killed Jessica
  1436 | D:2      | Found an opulent altar of Gozag.
  1546 | D:3      | Reached XP level 5. HP: 31/32 MP: 5/5
  1576 | D:3      | Noticed Ijyb
  1577 | D:3      | Noticed Robin
  1587 | D:3      | Killed Ijyb
  1615 | D:3      | Killed Robin
  1797 | D:3      | Reached skill level 4 in Long Blades
  1816 | D:3      | Reached XP level 6. HP: 37/37 MP: 6/6
  1840 | D:3      | Found a runed translucent door.
  1841 | D:3      | Noticed Crazy Yiuf
  2100 | D:3      | Killed Crazy Yiuf
  2138 | D:4      | Found a staircase to the Ecumenical Temple.
  2220 | D:4      | Noticed Sigmund
  2230 | D:4      | Killed Sigmund
  2230 | D:4      | Reached XP level 7. HP: 28/42 MP: 7/7
  2256 | Temple   | Entered the Ecumenical Temple
  2428 | Temple   | Became a worshipper of Ashenzari the Shackled
  2641 | D:4      | Found a glowing silver altar of Zin.
  2641 | D:4      | Noticed an angel
  2642 | D:4      | Found a shimmering altar of Xom.
  3204 | D:5      | Entered Level 5 of the Dungeon
  3293 | D:5      | Reached skill level 5 in Long Blades
  3394 | D:5      | Noticed Eustachio
  3406 | D:5      | Killed Eustachio
  3406 | D:5      | Reached XP level 8. HP: 48/48 MP: 8/8
  3581 | D:5      | Noticed Grinder
  3597 | D:5      | Paralysed by Grinder for 3 turns
  3602 | D:5      | Paralysed by Grinder for 6 turns
  3608 | D:5      | Killed Grinder
  3608 | D:5      | Reached skill level 5 in Dodging
  3640 | D:5      | Found a snail-covered altar of Cheibriados.
  3640 | D:5      | Found a radiant altar of Vehumet.
  3640 | D:5      | Found a glowing golden altar of the Shining One.
  3665 | D:5      | Found a basalt altar of Yredelemnul.
  3743 | D:5      | Reached skill level 5 in Fighting
  3750 | D:5      | Noticed Pikel
  3754 | D:5      | Reached skill level 6 in Long Blades
  3865 | D:5      | Killed Pikel
  3865 | D:5      | Reached XP level 9. HP: 54/54 MP: 9/9
  4020 | D:5      | Got the hand axe "Tidwuen" {antimagic, Stlth+}
  4021 | D:5      | Identified the +7 hand axe "Tidwuen" {antimagic, Stlth+}
                  | (You found it on level 5 of the Dungeon)
  4425 | D:6      | Reached * piety under Ashenzari
  4485 | D:6      | Reached skill level 5 in Armour
  4570 | D:6      | Reached skill level 7 in Long Blades
  4744 | D:6      | Noticed a troll
  4757 | D:6      | Killed a troll
  5509 | D:7      | Reached skill level 8 in Long Blades
  5677 | D:7      | Reached XP level 10. HP: 59/61 MP: 3/10
  5707 | D:7      | Found Letigh's Distillery.
  5822 | D:7      | Reached skill level 10 in Long Blades
  5822 | D:7      | Reached XP level 11. HP: 69/69 MP: 3/11
  5823 | D:7      | Reached skill level 12 in Long Blades
  5823 | D:7      | Reached XP level 12. HP: 77/77 MP: 4/12
  5836 | D:7      | Bought a potion of haste for 120 gold pieces
  6381 | D:8      | Noticed Grum
  6418 | D:8      | Killed Grum
  6645 | D:8      | Noticed Erica
  6669 | D:8      | Killed Erica
  6669 | D:8      | Reached skill level 10 in Fighting
  6737 | D:8      | Noticed Joseph
  6759 | D:8      | Killed Joseph
  6759 | D:8      | Reached skill level 13 in Long Blades
  7024 | D:9      | Found a staircase to the Orcish Mines.
  7059 | D:9      | Noticed a two-headed ogre
  7069 | D:9      | Killed a two-headed ogre
  7069 | D:9      | Reached skill level 10 in Dodging
  7074 | D:9      | Reached ** piety under Ashenzari
  7120 | D:9      | Found a runed translucent door.
  7120 | D:9      | Noticed a fire dragon
  7120 | D:9      | Noticed a fire dragon
  7121 | D:9      | Found the +2 shield of Resistance {rF+ rC+ MR+}
  7121 | D:9      | Noticed an ice dragon
  7121 | D:9      | Noticed an ice dragon
  7210 | D:9      | Found a runed translucent door.
  7423 | D:9      | Found a hazy altar of Hepliaklqana.
  7430 | D:9      | Found an ornate altar of the Wu Jian Council.
  7434 | D:9      | Found a sacrificial altar of Ru.
  7456 | D:10     | Entered Level 10 of the Dungeon
  8051 | D:11     | Noticed a two-headed ogre
  8067 | D:11     | Killed a two-headed ogre
  8067 | D:11     | Reached skill level 10 in Armour
  8191 | D:11     | Noticed a two-headed ogre
  8198 | D:11     | Killed a two-headed ogre
  8258 | D:11     | Reached XP level 13. HP: 83/83 MP: 13/13
  8293 | D:11     | Found a staircase to the Lair.
  8598 | D:10     | Noticed Sonja
  8608 | D:10     | Killed Sonja
  9841 | D:12     | Reached *** piety under Ashenzari
  9987 | D:12     | Found the ring of Shadows {Umbra +Inv Stlth+}
  9994 | D:12     | Reached skill level 14 in Long Blades
 10214 | D:12     | Found Zetiw's Weapon Emporium.
 10557 | D:13     | Found a frozen archway.
 10668 | IceCv    | Entered an ice cave
 11085 | IceCv    | Gained mutation: Your large and strong wings let you fly
                  | indefinitely. [Gargoyle growth]
 11085 | IceCv    | Reached XP level 14. HP: 69/90 MP: 14/14
 11166 | IceCv    | Noticed a frost giant
 11188 | IceCv    | Killed a frost giant
 11219 | IceCv    | Found the ring of the Octopus King {rF+ AC+1 EV+1 Str+1
                  | Int+1 Dex+1}
 11219 | IceCv    | Found the ring of the Octopus King {rF+ AC+1 EV+1 Str+1
                  | Int+1 Dex+1}
 12242 | Lair:1   | Entered Level 1 of the Lair of Beasts
 12640 | Lair:1   | Reached **** piety under Ashenzari
 12876 | Lair:1   | Reached skill level 15 in Long Blades
 13342 | D:13     | Found a shadowy altar of Dithmenos.
 13384 | D:13     | Found a gate to the Vaults.
 13603 | Lair:2   | Found a dark tunnel.
 13608 | Volcano  | Entered a volcano
 13731 | Volcano  | Found a burning altar of Makhleb.
 14215 | Lair:2   | Noticed Urug
 14228 | Lair:2   | Killed Urug
 14285 | Lair:2   | Found a transporter.
 14289 | Lair:2   | Found a transporter.
 14315 | Lair:2   | Noticed Loge's ghost (journeyman DEFE)
 14526 | Lair:2   | Noticed Fannar
 14536 | Lair:2   | Killed Fannar
 14624 | Lair:2   | Reached XP level 15. HP: 96/96 MP: 15/15
 15027 | Lair:2   | Killed Loge's ghost
 15455 | Lair:3   | Found a staircase to the Snake Pit.
 15591 | Lair:3   | Noticed Nergalle
 15613 | Lair:3   | Killed Nergalle
 16070 | Lair:4   | Noticed Kirke
 16086 | Lair:4   | Killed Kirke
 16089 | Lair:4   | Reached ***** piety under Ashenzari
 16282 | Lair:4   | Found a staircase to the Swamp.
 17186 | Lair:6   | Entered Level 6 of the Lair of Beasts
 17399 | Lair:6   | Noticed Nessos
 17409 | Lair:6   | Killed Nessos
 17415 | Lair:6   | Reached skill level 16 in Long Blades
 17677 | Lair:6   | Reached XP level 16. HP: 67/104 MP: 16/16
 18133 | Lair:6   | Found a staircase to the Slime Pits.
 18304 | Lair:6   | Found a runed translucent door.
 18888 | Orc:1    | Entered Level 1 of the Orcish Mines
 19109 | Orc:2    | Entered Level 2 of the Orcish Mines
 19504 | Orc:2    | Found a roughly hewn altar of Beogh.
 19641 | Orc:2    | HP: 2/104 [orc warrior/+0 trident[an orc warlord] (5)]
 19818 | D:7      | Bought a potion of curing for 36 gold pieces
 19818 | D:7      | Bought a potion of resistance for 120 gold pieces
 19818 | D:7      | Bought a potion of heal wounds for 60 gold pieces
 20363 | Orc:2    | Found Lecwuug's General Store.
 20363 | Orc:2    | Found Dogoegg's Food Shop.
 20363 | Orc:2    | Found Zol Aged's Antique Weapon Boutique.
 20384 | Orc:2    | Noticed Donald
 20527 | Orc:1    | Killed Donald
 20813 | Orc:1    | Reached skill level 1 in Shields
 21001 | Orc:2    | Found Lidyfan's Antique Weapon Emporium.
 21148 | Orc:2    | Found a staircase to the Elven Halls.
 21268 | Orc:2    | Bought a +2 pair of boots of running for 581 gold pieces
 21268 | Orc:2    | Bought a scroll of identify for 28 gold pieces
 21268 | Orc:2    | Bought a potion of ambrosia for 112 gold pieces
 21270 | Orc:2    | Bought a glowing great sword for 332 gold pieces
 21543 | Orc:2    | Identified a scroll of acquirement
 21556 | Orc:2    | Bought a potion of curing for 42 gold pieces
 21556 | Orc:2    | Bought a potion of haste for 140 gold pieces
 21556 | Orc:2    | Bought a scroll of teleportation for 42 gold pieces
 21556 | Orc:2    | Bought a scroll of teleportation for 42 gold pieces
 21556 | Orc:2    | Bought a potion of mutation for 112 gold pieces
 21811 | Swamp:1  | Entered Level 1 of the Swamp
 22382 | Swamp:1  | Noticed a thorn hunter
 22402 | Swamp:1  | Killed a thorn hunter
 22566 | Swamp:1  | Reached XP level 17. HP: 89/110 MP: 17/17
 22571 | Swamp:1  | Reached skill level 17 in Long Blades
 23051 | Swamp:2  | HP: 2/110 [shambling mangrove (19)]
 23053 | Swamp:2  | Mangled by a shambling mangrove

Levels and vault maps discovered:
D:1:      minmay_arrival_four_houses, layout_loops_ring, minmay_heptomino_w4
D:2:      layout_basic, nicolae_gozag_cash_rules_everything_around_me,
          uniq_jessica
D:3:      layout_rooms, first_ration, uniq_robin, uniq_ijyb,
          uniq_crazy_yiuf_cottage
D:4:      layout_basic, grunt_temple_overflow_order_and_chaos_1,
          minmay_temple_entry_statues_fountains, uniq_sigmund
D:5:      layout_basic, chequers_temple_overflow_statue_of_worship, basic_altar,
          saegor_snake_ambush, uniq_eustachio, uniq_grinder, uniq_pikel
D:6:      layout_basic, minmay_manual_macuahuitl
D:7:      layout_basic, serial_shops, shop, hex_intersection, grunt_ogre_cave
D:8:      layout_rooms, uniq_grum, uniq_joseph, uniq_erica
D:9:      layout_big_octagon, minitemple, orc_0_dummy,
          minmay_guarded_unrand_resistance
D:10:     layout_basic, uniq_sonja
D:11:     layout_cave_pools, lair_entry_dummy
D:12:     layout_loops_cross, serial_ice, serial_ice_f, serial_ice_k,
          serial_ice_n, serial_ice_h, serial_shops, shop
D:13:     minmay_wavy_crystal, layout_irregular_city, david_vaults_4,
          portal_ice_cave_rime, chequers_serial_rivers_micro_a,
          nicolae_dithmenos_through_a_glass_darkly
Temple:   eino_narrow_crystal_temple
Lair:1:   layout_regular_city, grunt_forest_large_clearings
Lair:2:   layout_regular_city, enter_volcano_4, gammafunk_ghost_hive, uniq_urug,
          uniq_fannar
Lair:3:   layout_long_grid, minmay_snake_entry_guardpost_medium,
          grunt_megastairs_3, uniq_nergalle
Lair:4:   layout_hall_layers, swamp_mist, minmay_holes, grunt_megastairs_1,
          lemuel_fruit_tree, uniq_kirke
Lair:5:   layout_gridlike
Lair:6:   wormcave, layout_cave_pods, hangedman_lair_in_review, slime_dummy,
          infiniplex_staircase_pool, uniq_nessos
Swamp:1:  layout_basic_swamp, evilmike_swamp_ruin_rubble_1, swamp_pool4
Swamp:2:  layout_falls_marsh, gammafunk_ghost_hydra_chop,
          evilmike_swamp_ruin_house_2
Orc:1:    layout_caves
Orc:2:    st_orc_rangers, layout_diamond_mine, mines2_david, uniq_donald

Skill      XL: |  1  2  3  4  5  6  7  8  9 10 11 12 13 14 15 16 17 |
---------------+----------------------------------------------------+-----
Long Blades    | 3 4 5 6 8 10 12 13 14 15 16 17 | 17.1
Armour         | 1 2 3 4 5 8 9 10 11 12 13 | 13.7
Dodging        | 3 4 6 7 8 9 10 11 12 13 14 | 14.5
Fighting       | 3 4 5 6 8 9 10 11 12 13 | 13.9
Shields        | 2 3 |  3.6
Throwing       | |  1.7

Action                   |  1- 3 |  4- 6 |  7- 9 | 10-12 | 13-15 | 16-18 || total
-------------------------+-------+-------+-------+-------+-------+-------++-------
Melee: Long sword        |    82 |   151 |     8 |       |       |       ||   241
       Scimitar          |       |       |   155 |   394 |  1405 |   897 ||  2851
       Unarmed           |       |       |    10 |       |       |       ||    10
       Hand axe          |       |       |   203 |    26 |    10 |       ||   239
Throw: Throwing net      |       |     1 |     3 |     4 |     2 |     1 ||    11
Invok: Curse Item        |       |       |       |       |       |     5 ||     5
 Abil: Fly               |       |       |       |       |     1 |       ||     1
Evoke: Wand              |       |       |     2 |       |     2 |    12 ||    16
  Use: Scroll            |       |       |     3 |    15 |     4 |    13 ||    35
       Potion            |       |       |       |     2 |     1 |     6 ||     9
 Stab: Sleeping          |     1 |     1 |     3 |       |       |       ||     5
       Held in net/web   |       |     3 |       |     4 |     1 |       ||     8
       Distracted        |       |       |     1 |       |       |       ||     1
  Eat: Chunk             |     1 |     4 |    12 |     9 |    29 |    11 ||    66
       Ration            |       |       |       |       |     1 |     2 ||     3
Armor: Leather armour    |    35 |    79 |    74 |       |       |       ||   188
       Skin              |       |       |     1 |       |       |       ||     1
       Scale mail        |       |       |   113 |   185 |   459 |   405 ||  1162
       Ring mail         |       |       |       |       |   222 |       ||   222
Dodge: Dodged            |    58 |   159 |   338 |   330 |  1451 |   901 ||  3237
Block: Shield            |       |       |       |       |       |   213 ||   213
       Rpst.: Long sword |    20 |    51 |     1 |       |       |       ||    72
       Scimitar          |       |       |    34 |    90 |   354 |   198 ||   676

Table legend:
 A = Non-vault XP
 B = Vault XP
 C = Vault XP percentage of total XP
 D = Non-vault monster count
 E = Vault monster count
 F = Vault count percentage of total count
                 A         B        C        D         E       F
            +---------+---------+-------+---------+---------+-------
      Total |  109964 |   71705 |  39.5 |     642 |     271 |  29.7
            +---------+---------+-------+---------+---------+-------
        D:1 |      30 |      14 |  31.8 |      14 |       7 |  33.3
        D:2 |      73 |      37 |  33.6 |      24 |       1 |   4.0
        D:3 |     113 |     112 |  49.8 |      19 |      14 |  42.4
        D:4 |     170 |     227 |  57.2 |      10 |       1 |   9.1
        D:5 |     770 |    1140 |  59.7 |      26 |       4 |  13.3
        D:6 |     963 |     341 |  26.2 |      29 |       3 |   9.4
        D:7 |    1690 |     125 |   6.9 |      37 |       1 |   2.6
        D:8 |    1896 |    2085 |  52.4 |      33 |       7 |  17.5
        D:9 |    1971 |    4124 |  67.7 |      20 |       4 |  16.7
       D:10 |    2324 |     795 |  25.5 |      32 |       1 |   3.0
       D:11 |    5354 |       0 |   0.0 |      49 |       0 |   0.0
       D:12 |    8775 |    1551 |  15.0 |      57 |      14 |  19.7
       D:13 |    5636 |    4527 |  44.5 |      16 |       9 |  36.0
     Lair:1 |     882 |    3738 |  80.9 |       5 |      31 |  86.1
     Lair:2 |    6765 |    3842 |  36.2 |      24 |      12 |  33.3
     Lair:3 |    4479 |    1780 |  28.4 |      20 |       7 |  25.9
     Lair:4 |    4524 |    2426 |  34.9 |      13 |       3 |  18.8
     Lair:5 |    6264 |       0 |   0.0 |      16 |       0 |   0.0
     Lair:6 |   20941 |   19264 |  47.9 |      50 |      40 |  44.4
    Swamp:1 |   14441 |       0 |   0.0 |      34 |       0 |   0.0
    Swamp:2 |   13372 |       0 |   0.0 |      33 |       0 |   0.0
      Orc:1 |    3864 |    2979 |  43.5 |      18 |       5 |  21.7
      Orc:2 |    4667 |    3635 |  43.8 |      63 |      34 |  35.1
      IceCv |       0 |   13938 | 100.0 |       0 |      53 | 100.0
    Volcano |       0 |    5025 | 100.0 |       0 |      20 | 100.0
            +---------+---------+-------+---------+---------+-------
